 Dungeon Crawl Stone Soup version 0.31.0-11-ge490571c62 (webtiles) character file.

Game seed: 13301955568394289932

623 qw the Ducker (level 7, -6/35 HPs)
             Began as a Spriggan Hunter on Feb 4, 2024.
             Mangled by an iguana (9 damage)
             ... on level 5 of the Dungeon.
             The game lasted 00:00:14 (3419 turns).

qw the Ducker (Spriggan Hunter)                     Turns: 3419, Time: 00:00:15

Health: -6/35      AC:  2    Str:  7    XL:     7   Next: 22%
Magic:  8/8        EV: 25    Int: 11    God:
Gold:   171        SH:  0    Dex: 26    Spells: 6/6 levels left

rFire   . . .        a - +0 shortbow
rCold   . . .        (shield currently unavailable)
rNeg    . . .        c - +0 robe
rPois   .            (helmet restricted)
rElec   .            (no cloak)
rCorr   .            (gloves unavailable)
SInv    +            (boots unavailable)
Will    +....        (no amulet)
Stlth   ++           h - +6 ring of dexterity
HPRegen 0.25/turn    (no ring)
MPRegen 0.11/turn

%: no passive effects
@: very quick
A: very small, no large weapons, unfitting armour, see invisible, speed 3
a: no special abilities


You were on level 5 of the Dungeon.
You visited 1 branch of the dungeon, and saw 5 of its levels.

You collected 171 gold pieces.


Innate Abilities, Weirdness & Mutations

You are very small and have problems with some larger weapons.
You are too small for most types of armour.
You have supernaturally acute eyesight. (SInv)
You cover ground extremely quickly. (Speed+++)


   Skills:
 - Level 2.0 Fighting
 + Level 6.7 Ranged Weapons
 - Level 7.6 Dodging
 - Level 1.5 Stealth


You had 6 spell levels left.
You didn't know any spells.
Your spell library was empty.

Inventory:

Hand Weapons
 a - a +0 shortbow (weapon)
Armour
 c - a +0 robe (worn)
Jewellery
 h - a +6 ring of dexterity (left hand)
Wands
 i - a wand of mindburst (2)
 j - a wand of paralysis (10)
Potions
 b - a potion of mutation {unknown}
 d - a potion of might
 f - a potion of haste {unknown}
 g - a potion of brilliance {unknown}
 k - a potion of lignification {unknown}

Dungeon Overview and Level Annotations

Branches:
Dungeon (5/15)
 Temple: D:4-7

Altars:

Shops:
D:1 *=*!*


Message History

You have reached level 7!
You shoot an arrow. The arrow hits the centaur zombie!
The centaur zombie is moderately damaged.
The centaur zombie closely misses you.
The centaur zombie completely misses you.
The centaur zombie hits you. The centaur zombie barely misses you.
You shoot an arrow. The arrow hits the centaur zombie.
The centaur zombie is moderately damaged.
The centaur zombie completely misses you.
The centaur zombie closely misses you.
You shoot an arrow. The arrow hits the centaur zombie.
The centaur zombie is heavily damaged.
The centaur zombie hits you but does no damage.
The centaur zombie kicks you but does no damage.
The iguana bites you but does no damage.
The centaur zombie completely misses you.
The centaur zombie misses you.
You shoot an arrow. The arrow hits the centaur zombie.
The centaur zombie is heavily damaged.
The iguana closely misses you.
The centaur zombie closely misses you. x2
You shoot an arrow. The arrow hits the centaur zombie!
The centaur zombie is almost destroyed.
The iguana misses you. The centaur zombie hits you.
The centaur zombie kicks you but does no damage.
The iguana misses you.
You shoot an arrow.
The arrow barely misses the centaur zombie.
The centaur zombie misses you. x2; The centaur zombie hits you.
The centaur zombie completely misses you.
The iguana misses you.
You shoot an arrow. The arrow hits the centaur zombie!
You destroy the centaur zombie!
The iguana bites you!
You shoot an arrow. The arrow hits the iguana!
The iguana is severely wounded.
The iguana bites you!
You shoot an arrow. The arrow hits the iguana.
The iguana is severely wounded.
The iguana bites you!
You die...

.........+
........###
..........
#......##
#.......#
#.<...#.#
#.......#
#.l.....#.
#.@.......
........<..#.#.
..#.8.8....# #
.....88......
....P.8##+####
.....### .....
.....


You could see an iguana.

Vanquished Creatures
  Sigmund (D:3)
  A water moccasin (D:5)
  A centaur zombie (D:5)
  2 orc priests (D:2)
  A hound (D:4)
  Terence (D:2)
  An orc wizard (D:4)
  Natasha (twice) (D:3)
  A sleepcap (D:4)
  6 adders
  A ribbon worm (D:3)
  A dart slug (D:1)
  4 orcs
  5 endoplasms
  3 giant cockroaches
  6 hobgoblins
  8 jackals
  9 kobolds
  2 quokkas
  7 ball pythons
  4 bats
  6 goblins
  6 rats
79 creatures vanquished.

Notes
Turn   | Place    | Note
-------+----------+-------------------------------------------
     0 | D:1      | qw the Spriggan Hunter began the quest for the Orb.
     0 | D:1      | Reached XP level 1. HP: 10/10 MP: 2/2
     0 | D:1      | 0 ||| qw: Version: 0.3-a-160-g6735b56
     0 | D:1      | 0 ||| qw: Game counter: 5850
     0 | D:1      | 0 ||| qw: Melee chars always use a shield: true
     0 | D:1      | 0 ||| qw: God list: Okawaru
     0 | D:1      | 0 ||| qw: Allow faded altars: false
     0 | D:1      | 0 ||| qw: Do Orc after clearing Dungeon:15 true
     0 | D:1      | 0 ||| qw: Do second Lair branch before Depths: true
     0 | D:1      | 0 ||| qw: Lair rune preference: random
     0 | D:1      | 0 ||| qw: Goals: Normal
     0 | D:1      | 0 ||| PLANNING D:1-11
    75 | D:1      | Reached skill level 3 in Dodging
   140 | D:1      | Found Voklomipp's Distillery.
   156 | D:1      | Found Icronirr's Jewellery Shoppe.
   167 | D:1      | 167 ||| SHOPLISTING +6 ring of strength (504 gold, have 5).
   167 | D:1      | 167 ||| SHOPLISTING amulet of reflection (420 gold, have
                  | 5).
   167 | D:1      | 167 ||| SHOPLISTING ring of poison resistance (280 gold,
                  | have 5).
   167 | D:1      | 167 ||| SHOPLISTING ring of positive energy (280 gold, have
                  | 5).
   167 | D:1      | 167 ||| SHOPLISTING ring of protection from fire (350 gold,
                  | have 5).
   167 | D:1      | 167 ||| SHOPLISTING ring of willpower (350 gold, have 5).
   181 | D:1      | 181 ||| SHOPLISTING 2 potions of curing (72 gold, have 5).
   181 | D:1      | 181 ||| SHOPLISTING potion of curing (36 gold, have 5).
   181 | D:1      | 181 ||| SHOPLISTING potion of haste (120 gold, have 5).
   181 | D:1      | 181 ||| SHOPLISTING potion of might (48 gold, have 5).
   195 | D:1      | Found Olehyrch's General Store.
   210 | D:1      | 210 ||| SHOPLISTING potion of cancellation (112 gold, have
                  | 5).
   210 | D:1      | 210 ||| SHOPLISTING scroll of enchant armour (105 gold,
                  | have 5).
   210 | D:1      | 210 ||| SHOPLISTING scroll of identify (28 gold, have 5).
   253 | D:1      | Reached XP level 2. HP: 14/14 MP: 3/3
   351 | D:1      | Reached skill level 4 in Dodging
   602 | D:1      | Found Ebocej's General Store.
   611 | D:1      | 611 ||| SHOPLISTING amulet of the acrobat (420 gold, have
                  | 5).
   611 | D:1      | 611 ||| SHOPLISTING potion of mutation (112 gold, have 5).
   611 | D:1      | 611 ||| SHOPLISTING scroll of identify (28 gold, have 5).
   762 | D:1      | Found Yfuun's Assorted Antiques.
   765 | D:1      | 765 ||| SHOPLISTING 2 brown potions (43 gold, have 5).
   765 | D:1      | 765 ||| SHOPLISTING scroll labelled DOECRY YSUYTALL (24
                  | gold, have 5).
   765 | D:1      | 765 ||| SHOPLISTING silver wand (96 gold, have 5).
   831 | D:1      | 831 ||| READING scroll labelled DOECRY YSUYTALL.
   831 | D:1      | 831 ||| IDENTIFYING cyan potion
   832 | D:1      | 832 ||| READING scroll labelled JYAXZA HURHUTO.
   835 | D:1      | 835 ||| DROPPING scroll of butterflies.
   836 | D:1      | 836 ||| DROPPING potion of berserk rage.
   878 | D:2      | Reached XP level 3. HP: 17/18 MP: 4/4
   949 | D:2      | Reached XP level 4. HP: 22/22 MP: 5/5
  1116 | D:2      | Reached skill level 5 in Dodging
  1138 | D:2      | You fall into a shaft and drop 1 floor!
  1322 | D:3      | Noticed Natasha
  1336 | D:3      | HP: 4/23 [Natasha/magic dart (8)]
  1337 | D:3      | Killed Natasha
  1338 | D:3      | Reached XP level 5. HP: 5/26 MP: 6/6
  1662 | D:3      | Noticed Sigmund
  1674 | D:3      | Killed Sigmund
  1675 | D:3      | Reached skill level 6 in Ranged Weapons
  1675 | D:3      | Reached XP level 6. HP: 16/30 MP: 7/7
  1721 | D:3      | Noticed Natasha
  1726 | D:3      | Killed Natasha
  1736 | D:3      | 1736 ||| UPGRADING to +6 ring of dexterity.
  1737 | D:3      | 1737 ||| READING scroll labelled BUCAOT VITOEC.
  1738 | D:3      | 1738 ||| READING scroll labelled ZUTEDIO MUPOTH.
  1986 | D:2      | Noticed Terence
  1993 | D:2      | Killed Terence
  2710 | D:4      | Reached skill level 6 in Dodging
  3214 | D:4      | 3214 ||| READING 4 scrolls labelled FUXZYSEMED.
  3215 | D:4      | 3215 ||| DRINKING 2 viscous orange potions.
  3216 | D:4      | 3216 ||| DROPPING 3 scrolls of poison.
  3218 | D:4      | 3218 ||| Stepping ~*~*~tactically~*~*~ (cloud).
  3228 | D:4      | HP: 7/30 [poisoned by you (poison gas)]
  3405 | D:5      | Entered Level 5 of the Dungeon
  3405 | D:5      | Noticed a water moccasin
  3406 | D:5      | 3406 ||| PLANNING SEWER
  3406 | D:5      | 3406 ||| RETREEEEATING.
  3407 | D:5      | 3407 ||| ZAPPING wand of mindburst (4) at 4,-4 (water
                  | moccasin; floor).
  3408 | D:5      | 3408 ||| RETREEEEATING.
  3409 | D:5      | 3409 ||| RETREEEEATING.
  3410 | D:5      | 3410 ||| ZAPPING wand of mindburst (3) at 0,-2 (water
                  | moccasin; floor).
  3410 | D:5      | Killed a water moccasin
  3411 | D:5      | Reached skill level 7 in Dodging
  3411 | D:5      | Reached XP level 7. HP: 35/35 MP: 8/8
  3418 | D:5      | HP: 3/35 [iguana (13)]
  3419 | D:5      | Mangled by an iguana

Levels and vault maps discovered:
D:1:      dpeg_arrival_signposts, layout_basic, serial_shops, shop,
          nicolae_shop_industrial_runoff, nicolae_shop_window_shopping,
          nicolae_shop_crystal, nicolae_shop_advertising_works
          [nicolae_subvault_shop_adworks]
D:2:      layout_basic, uniq_terence
D:3:      layout_loops_ring, uniq_natasha, uniq_sigmund
D:4:      layout_loops_corners, chequers_avenue, chequers_serial_rivers_room_a,
          hellmonk_no_cap
D:5:      lemuel_ice_spiral_2, layout_basic, serial_undead, serial_undead_c,
          serial_undead_d, serial_undead_c, serial_undead_d, serial_shops,
          nicolae_take_the_stairs, portal_sewer_entry_a

Skill      XL: |  1  2  3  4  5  6 |
---------------+-------------------+-----
Dodging        | 3 4 5 7 |  7.6
Ranged Weapons | 5 6 |  6.7
Fighting       | 2 |  2.0
Stealth        | |  1.5

Action                     |  1- 3 |  4- 6 |  7- 9 || total
---------------------------+-------+-------+-------++-------
   Fire: Shortbow          |    76 |   165 |     9 ||   250
  Evoke: Wand              |       |     2 |       ||     2
    Use: Scroll            |     2 |     3 |       ||     5
         Potion            |       |     1 |       ||     1
 Armour: Robe              |     4 |    17 |    10 ||    31
  Dodge: Dodged            |    20 |    66 |    16 ||   102

Table legend:
 A = Non-vault XP
 B = Vault XP
 C = Vault XP percentage of total XP
 D = Non-vault monster count
 E = Vault monster count
 F = Vault count percentage of total count
                 A         B        C        D         E       F
            +---------+---------+-------+---------+---------+-------
      Total |     523 |     367 |  41.2 |      73 |       6 |   7.6
            +---------+---------+-------+---------+---------+-------
        D:1 |      40 |       0 |   0.0 |      24 |       0 |   0.0
        D:2 |     115 |      36 |  23.8 |      19 |       1 |   5.0
        D:3 |      84 |     249 |  74.8 |      15 |       2 |  11.8
        D:4 |     142 |      37 |  20.7 |      14 |       2 |  12.5
        D:5 |     142 |      45 |  24.1 |       1 |       1 |  50.0
            +---------+---------+-------+---------+---------+-------
